 Dungeon Crawl Stone Soup version 0.31-a0-984-gbfb7dba898 (webtiles) character file.

Game seed: 8947412684461247003

64 Malachi the Ruffian (level 3, -5/26 HPs)
             Began as a Demonspawn Shapeshifter on Nov 3, 2023.
             Was a Follower of Kikubaaqudgha.
             Slain by Terence
             ... wielding a +0 morningstar
              (9 damage)
             ... on level 2 of the Dungeon.
             The game lasted 00:02:44 (2561 turns).

Malachi the Ruffian (Demonspawn Shapeshifter)       Turns: 2561, Time: 00:02:44

Health: -5/26      AC:  5    Str: 16    XL:     3   Next: 91%
Magic:  3/3        EV: 10    Int: 11    God:    Kikubaaqudgha [*.....]
Gold:   61         SH:  3    Dex: 12    Spells: 2/2 levels left

rFire   . .          .
                       - Unarmed
rCold   . . .        j - +0 buckler
rNeg    . . .        l - +0 ring mail
rPois   .            (helmet currently unavailable)
rElec   .            (cloak currently unavailable)
rCorr   .            (gloves currently unavailable)
SInv    .            (boots currently unavailable)
Will    .....        (no amulet)
Stlth   +            (no ring)
HPRegen 0.24/turn    (no ring)
MPRegen 0.08/turn

%: no passive effects
@: beast-form
A: beast (slay +1), powered by pain 1, weakness stinger 1
a: Begin Untransformation, Renounce Religion, Unearth Wretches


You were on level 2 of the Dungeon.
You worshipped Kikubaaqudgha.
Kikubaaqudgha was aware of your devotion.
You were a hulking beast.
You visited 1 branch of the dungeon, and saw 3 of its levels.

You collected 61 gold pieces.

Inventory:

Missiles
 p - 6 boomerangs (quivered)
Armour
 a - a +2 pair of boots
 j - a +0 buckler (worn)
 l - a +0 ring mail (worn)
Talismans
 c - a beast talisman
 d - a flux talisman
Scrolls
 e - a scroll of immolation {unknown}
 f - a scroll of identify {unknown}
 g - a scroll of teleportation {unknown}
 i - a scroll of vulnerability {unknown}
 k - a scroll of fear {unknown}
 m - 2 scrolls of noise {unknown}
 n - a scroll of fog {unknown}
 q - a scroll of enchant armour {unknown}
 s - a scroll of poison {unknown}
 t - a scroll of amnesia {unknown}
Potions
 b - a potion of lignification
 h - 2 potions of invisibility {unknown}
 o - a potion of enlightenment {unknown}
 r - a potion of heal wounds {unknown}


   Skills:
 - Level 1.0 Fighting
 - Level 1.7 Dodging
 - Level 3.7 Unarmed Combat
 + Level 3.4 Shapeshifting


You had 2 spell levels left.
You didn't know any spells.
Your spell library contained the following spells:

 Spells                   Type           Power      Damage    Failure   Level
 Freeze                   Ice            0%         1d3       67%         1
 Necrotise                Necr           0%         1d4       67%         1
 Cigotuvi's Dreadful Rot  Necr/Pois/Air  0%         N/A       80%         2
 Sublimation of Blood     Necr           0%         N/A       80%         2
 Frozen Ramparts          Ice            0%         1d1       95%         3
 Hailstorm                Conj/Ice       0%         3d3       95%         3
 Vampiric Draining        Necr           0%         2d6       95%         3


Dungeon Overview and Level Annotations

Branches:
Dungeon (3/15)

Altars:
Kikubaaqudgha

Annotations:
D:2 Terence


Innate Abilities, Weirdness & Mutations

You are a hulking beast.
Your limbs bulge with bestial killing power. (Slay +1)
You sometimes gain a little power by taking damage.
You have a small tail.


Message History

You climb upwards.
There is a stone staircase leading down here.
Unknown command.
You barely miss the goblin.
Terence says, "Time to say good-bye..."
Terence barely misses you. The goblin completely misses you.
You punch the goblin!
You kill the goblin!
Kikubaaqudgha accepts your kill. Terence hits you but does no damage.
You block Terence's attack.
You hit Terence but do no damage.
Terence is moderately wounded.
You hit Terence.
Terence is moderately wounded.
Terence hits you with a +0 morningstar!
* * * LOW HITPOINT WARNING * * *
Okay, then.
Okay, then.
Attack: -) Nothing wielded
Press: ? - help, Dir - move target, f - Terence
Aim: Terence, wielding a +0 morningstar and wearing a +0 chain mail (moderately wounded, about 28% to evade your hands)
Okay, then.
Unknown command.
Throw: 6 boomerangs
Press: ? - help, Q - select action, (/) - cycle Shift-Dir - straight line, f - Terence
Aim: Terence, wielding a +0 morningstar and wearing a +0 chain mail (moderately wounded, 64% to hit)
You throw a boomerang. The boomerang hits Terence.
Terence is heavily wounded.
Terence hits you with a +0 morningstar.
* * * LOW HITPOINT WARNING * * *
Terence closely misses you.
Throw: 6 boomerangs
Press: ? - help, Q - select action, (/) - cycle Shift-Dir - straight line, f/p - Terence
Aim: Terence, wielding a +0 morningstar and wearing a +0 chain mail (heavily wounded, 64% to hit)
You throw a boomerang.
The boomerang hits Terence but does no damage.
Terence is heavily wounded.
Terence hits you with a +0 morningstar!
You die...
Kikubaaqudgha rasps: "You have failed me!
Welcome... death!"

#.............<# #.'......
##'#########.### #.#......
### #...# #.#......
############# #.#......
#.........### #≈###.######.
#.#.........# #≈≈##.######.
#.#.........###≈≈#.......+.
#.#......@...##≈≈#..######.
#.'.......h..#≈≈≈#..#######
###......#.)~#≈≈≈#........#
#......#..~~≈≈≈#........#
#####......#...~≈≈≈..>......#
#.....######....≈≈≈~......###
#.#......# #..~.~≈≈P......###
#.#.####.# #..~≈~≈≈~......'[#
#.#.# #.# #...≈≈≈≈~......#..
#.#.# #.# #...~≈≈~.......##.


You could see Terence.

Vanquished Creatures
  An adder (D:2)
  A dart slug (D:2)
  3 endoplasms (D:1)
  3 giant cockroaches
  3 goblins
  6 hobgoblins
  6 jackals (D:2)
  3 kobolds (D:2)
  3 quokkas (D:2)
  6 ball pythons (D:1)
  2 bats (D:1)
  4 frilled lizards
  7 rats
48 creatures vanquished.

Notes
Turn   | Place    | Note
-------+----------+-------------------------------------------
     0 | D:1      | Malachi the Demonspawn Shapeshifter began the quest for the
                  | Orb.
     0 | D:1      | Reached XP level 1. HP: 15/15 MP: 1/1
   443 | D:1      | Gained mutation: You have a small tail. [demonic ancestry]
   443 | D:1      | Reached XP level 2. HP: 19/21 MP: 2/2
  1502 | D:2      | Gained mutation: You sometimes gain a little power by
                  | taking damage. [demonic ancestry]
  1502 | D:2      | Reached XP level 3. HP: 24/26 MP: 3/3
  1888 | D:2      | Found a faded altar of an unknown god.
  1984 | D:2      | Prayed at the altar of an unknown god.
  1984 | D:2      | Became a worshipper of Kikubaaqudgha
  1984 | D:2      | Reached * piety under Kikubaaqudgha
  1984 | D:2      | Received a gift from Kikubaaqudgha
  2547 | D:3      | Noticed Terence
  2561 | D:2      | Slain by Terence

Illustrated notes

Levels and vault maps discovered:
D:1:      wheals_arrival_shading, layout_loops_corners, hex_large, moated_statue
D:2:      layout_basic, shapermc_ecumenical_altar_mp_ritualfount,
          chequers_big_river
D:3:      layout_loops_cross, uniq_terence

Skill      XL: |  1  2  3 |
---------------+----------+-----
Unarmed Combat | 3 |  3.7
Shapeshifting  | 3 |  3.4
Fighting       | |  1.0
Dodging        | |  1.7

Action                     || total
---------------------------++-------
  Melee: Unarmed           ||   126
         Tailslap          ||    14
  Throw: Boomerang         ||     2
 Armour: Animal skin       ||    21
         Ring mail         ||    51
  Dodge: Dodged            ||    77
  Block: Buckler           ||    16

Table legend: (Time is in decaauts)
 A = Elapsed time spent in this place.
 B = Non-inter-level travel time spent in this place.
 C = Inter-level travel time spent in this place.
 D = Time resting spent in this place.
 E = Time spent auto-exploring this place.
 F = Levels seen in this place.
 G = Mean time per level.
                   A        B        C        D        E       F      G
               +--------+--------+--------+--------+--------+-----+--------+
         Total |   2565 |   2444 |    121 |    597 |   1515 |   3 |  855.0 |
       Dungeon |   2565 |   2444 |    121 |    597 |   1515 |   3 |  855.0 |
               +--------+--------+--------+--------+--------+-----+--------+

Top non-repeatable levels by time:
     D:1: 1466 daAuts
     D:2: 1091 daAuts
     D:3: 7 daAuts
